 Dungeon Crawl Stone Soup version 0.20.1-1-g8b1a95d (webtiles) character file.

690 JohnnyMnemonic the Ruffian (level 7, 0/66 HPs)
             Began as a Troll Monk on Oct 18, 2017.
             Slain by an orc
             ... wielding a +0 war axe
              (6 damage)
             ... on level 4 of the Dungeon.
             The game lasted 00:04:25 (2404 turns).

JohnnyMnemonic the Ruffian (Troll Monk)             Turns: 2404, Time: 00:04:26

Health: 0/66       AC:  7    Str: 22    XL:     7   Next: 36%
Magic:  6/6        EV: 10    Int:  6    God:
Gold:   224        SH:  0    Dex: 12    Spells: 6/6 levels left

rFire    . . .     SeeInvis .     - Unarmed
rCold    . . .     Gourm    +   (no shield)
rNeg     . . .     Faith    .   a - +0 robe
rPois    +         Spirit   .   (helmet restricted)
rElec    .         Reflect  .   f - +1 cloak
rCorr    .         Harm     .   (gloves unavailable)
MR       .....                  (boots unavailable)
Stlth    ++........             n - amulet of rage
Regen    0.7/turn               e - ring of wizardry
MPRegen  0.1/turn               l - ring of poison resistance

@: no status effects
A: unfitting armour, claws 3, fast metabolism 3, gourmand, regeneration 1,
shaggy fur 1, tough skin 2
a: Evoke Berserk Rage


You were on level 4 of the Dungeon.
You were very full.

You visited 1 branch of the dungeon, and saw 4 of its levels.

You collected 224 gold pieces.

Inventory:

Armour
 a - a +0 robe (worn)
 f - a +1 cloak (worn)
Magical Staves
 m - an uncursed staff of poison
Jewellery
 e - a ring of wizardry (left claw)
 l - a ring of poison resistance (right claw)
 n - an amulet of rage (around neck)
 t - an uncursed amulet of magic regeneration {unknown}
Wands
 p - a wand of iceblast (7/15)
Scrolls
 c - 2 scrolls of magic mapping {unknown}
 d - 5 scrolls of teleportation {unknown}
 h - 4 scrolls of identify {unknown}
 i - 2 scrolls of remove curse {unknown}
 j - a scroll of enchant weapon {unknown}
 s - a scroll of fear {unknown}
 u - a scroll of recharging {unknown}
 v - 3 scrolls of enchant armour {unknown}
Comestibles
 b - 4 bread rations
 g - 2 fruits
 k - 3 meat rations
 o - 5 chunks of flesh
 w - a royal jelly


   Skills:
 - Level 2.4 Fighting
 + Level 4.2 Throwing
 - Level 2.4 Dodging
 - Level 1.0 Stealth
 * Level 7.1 Unarmed Combat


You had 6 spell levels left.
You didn't know any spells.

Dungeon Overview and Level Annotations

Branches:
Dungeon (4/15)
 Temple: D:4-7

Altars:


Innate Abilities, Weirdness & Mutations

You are too large for most types of armour.
You have claws for hands.
Your metabolism is lightning-fast.
You like to eat raw meat.
Your natural rate of healing is unusually fast.
You are covered in fur. (AC +1)
You have very tough skin. (AC +2)


Message History

* * * LOW HITPOINT WARNING * * *
The orc hits you with a war axe.
* * * LOW HITPOINT WARNING * * *
You closely miss the orc priest. The orc priest closely misses you.
The orc barely misses you.
It was a potion of resistance.
You feel protected.
The orc priest hits you but does no damage.
It was a potion of cancellation.
Your magical effects are unravelling.
You feel magically purged.
Your resistance to elements expires.
The orc barely misses you.
The orc priest hits you but does no damage.
You closely miss the orc. The orc priest hits you.
* * * LOW HITPOINT WARNING * * *
The orc hits you but does no damage.
You closely miss the orc. The orc priest closely misses you.
The orc hits you with a war axe.
You die...

#.# #.... #.#####
##.... #...... #.....
#.#########......
#....?
#................
.......
#####..#.######## ###
#..#...## #...#.# #.#
#.....(o####.#.#.#
#.#
#......@†....#.#.#
#<# .#.
#..[...o.#####.#.####
..#.#.# #........#
#.#.#..# ..#.#.#
#.......## #.#.#..##
..#.#.# #......##
#.#.#...# ..#.#.#
###...# #.#.#...# .
###.#.# #..#?
#.....##.# ....#.#
#.##. ###)......
#..##.# #...####


You could see an orc priest and an orc.

Vanquished Creatures
  Sigmund (D:3)
  Eustachio (D:4)
  A phantom (D:4)
  Crazy Yiuf (D:2)
  An orc priest (D:4)
  3 orc wizards
  An iguana (D:4)
  5 adders
  4 oozes
  A worm (D:2)
  A dart slug (D:3)
  2 leopard geckos
  6 orcs
  A giant cockroach (D:2)
  11 hobgoblins
  2 quokkas
  3 ball pythons
  8 bats
  8 frilled lizards
  6 goblins
  6 kobolds
  A leopard gecko skeleton (D:4)
  11 rats
85 creatures vanquished.

Notes
Turn   | Place    | Note
-------+----------+-------------------------------------------
     0 | D:1      | JohnnyMnemonic the Troll Monk began the quest for the Orb.
     0 | D:1      | Reached XP level 1. HP: 22/22 MP: 0/0
    54 | D:1      | Reached XP level 2. HP: 29/29 MP: 1/1
    77 | D:1      | Reached skill level 1 in Throwing
   627 | D:1      | Reached XP level 3. HP: 35/36 MP: 2/2
  1026 | D:2      | Reached skill level 4 in Unarmed Combat
  1037 | D:2      | Reached XP level 4. HP: 41/44 MP: 3/3
  1275 | D:2      | Found a runed door.
  1282 | D:2      | Noticed Crazy Yiuf
  1286 | D:2      | Killed Crazy Yiuf
  1662 | D:3      | Reached XP level 5. HP: 48/50 MP: 4/4
  1792 | D:3      | Found a faded altar of an unknown god.
  1799 | D:3      | Noticed Sigmund
  1811 | D:3      | Killed Sigmund
  1811 | D:3      | Reached skill level 5 in Unarmed Combat
  1811 | D:3      | Reached XP level 6. HP: 53/59 MP: 5/5
  2160 | D:4      | Reached skill level 6 in Unarmed Combat
  2339 | D:4      | Noticed Eustachio
  2348 | D:4      | Killed Eustachio
  2348 | D:4      | Reached XP level 7. HP: 66/66 MP: 6/6
  2384 | D:4      | Reached skill level 7 in Unarmed Combat
  2404 | D:4      | Slain by an orc

Skill      XL: |  1  2  3  4  5  6  7 |
---------------+----------------------+-----
Throwing       | 1 2 3 4 |  4.2
Unarmed Combat | 4 5 6 7 |  7.1
Fighting       | |  2.4
Dodging        | |  2.4
Stealth        | |  1.0

Action                   |  1- 3 |  4- 6 |  7- 9 || total
-------------------------+-------+-------+-------++-------
Melee: Unarmed           |   121 |    80 |    24 ||   225
       Punch             |     1 |     3 |     1 ||     5
 Abil: Evoke Berserk Rag |       |     1 |       ||     1
  Use: Potion            |       |       |     4 ||     4
 Stab: Sleeping          |     1 |     3 |     1 ||     5
  Eat: Chunk             |    15 |    13 |       ||    28
Armor: Robe              |    57 |    14 |     4 ||    75
Dodge: Dodged            |    60 |    29 |    21 ||   110
